 Dungeon Crawl Stone Soup version 0.31-a0-986-g5e6e4ef867 (webtiles) character file.

Game seed: 6640760595634919162

5 javelincjr the Ruffian (level 1, -2/16 HPs)
             Began as a Draconian Shapeshifter on Nov 8, 2023.
             Slain by a hobgoblin (3 damage)
             ... on level 1 of the Dungeon.
             The game lasted 00:00:15 (35 turns).

javelincjr the Ruffian (Draconian Shapeshifter)       Turns: 35, Time: 00:00:15

Health: -2/16      AC:  4    Str: 16    XL:     1   Next: 66%
Magic:  1/1        EV: 12    Int: 10    God:
Gold:   0          SH:  0    Dex: 10    Spells: 0/0 levels left

rFire   . .          .
                       - Unarmed
rCold   . . .        (no shield)
rNeg    . . .        (body armour unavailable)
rPois   .            (helmet currently unavailable)
rElec   .            (cloak currently unavailable)
rCorr   .            (gloves currently unavailable)
SInv    .            (boots currently unavailable)
Will    .....        (no amulet)
Stlth   +            (no ring)
HPRegen 0.22/turn    (no ring)
MPRegen 0.07/turn

%: no passive effects
@: beast-form
A: beast (slay +1), AC +4, unfitting armour, cold-blooded
a: Begin Untransformation


You were on level 1 of the Dungeon.
You were a hulking beast.
You visited 1 branch of the dungeon, and saw 1 of its levels.

Inventory:

Talismans
 b - a beast talisman
 c - a flux talisman
Potions
 a - a potion of lignification


   Skills:
 + Level 1.3 Fighting
 + Level 1.9 Dodging
 + Level 3.1 Unarmed Combat
 + Level 3.0 Shapeshifting


You couldn't memorise any spells.
You didn't know any spells.
Your spell library was empty.

Dungeon Overview and Level Annotations

Branches:
Dungeon (1/15)

Altars:


Innate Abilities, Weirdness & Mutations

You are a hulking beast.
Your limbs bulge with bestial killing power. (Slay +1)
Your plain brown scales are hard. (AC +4)
You cannot fit into any form of body armour.
You are cold-blooded and may be slowed by cold attacks.


Message History

You are too injured to fight recklessly!
You are too injured to fight recklessly!
You hit the bat.
The bat is heavily wounded.
The bat closely misses you. The kobold hits you with a +0 dagger.
The hobgoblin hits you but does no damage.
You barely miss the kobold.
The kobold is moderately wounded.
The hobgoblin barely misses you. The kobold hits you with a +0 dagger.
You hit the kobold.
The kobold is heavily wounded.
The bat hits you but does no damage. The hobgoblin hits you.
The kobold hits you but does no damage.
You hit the kobold.
The kobold is severely wounded.
The bat hits you but does no damage. The hobgoblin barely misses you.
The kobold hits you but does no damage.
You miss the kobold.
The kobold is severely wounded.
The bat barely misses you. The bat hits you but does no damage.
The kobold closely misses you. The hobgoblin hits you.
* * * LOW HITPOINT WARNING * * *
You barely miss the kobold.
Your tail-slap misses the kobold.
The kobold is severely wounded.
The bat barely misses you. The kobold barely misses you.
The hobgoblin closely misses you.
You closely miss the kobold.
The kobold is severely wounded.
The bat barely misses you.
You hit the kobold.
You kill the kobold!
The bat closely misses you.
The hobgoblin hits you but does no damage.
You are too injured to fight recklessly!
You barely miss the hobgoblin. The hobgoblin hits you.
* * * LOW HITPOINT WARNING * * *
The bat barely misses you.
You hit the hobgoblin but do no damage.
Your tail-slap misses the hobgoblin.
The bat barely misses you. The bat closely misses you. The hobgoblin hits you.
You die...

........†....#
.#...........#
...#.........###
#....#.........#
...#...#.....#..
.#...........# #
....#.#......#
.#.....#.####
....#)h..#
.#...gb..#
....#.#.#.#
.#........#
...#...#..#
#....#. ..#
...#...#..#
#..... .##


You could see a hobgoblin and a bat.

Vanquished Creatures
  2 jackals (D:1)
  A kobold (D:1)
  A ball python (D:1)
  A bat (D:1)
5 creatures vanquished.

Notes
Turn   | Place    | Note
-------+----------+-------------------------------------------
     0 | D:1      | javelincjr the Draconian Shapeshifter began the quest for
                  | the Orb.
     0 | D:1      | Reached XP level 1. HP: 16/16 MP: 1/1
    35 | D:1      | Slain by a hobgoblin

Illustrated notes

Levels and vault maps discovered:
D:1:      dpeg_arrival_rhombus, layout_basic, serial_forest,
          infiniplex_forest_zigzag_1, infiniplex_forest_lined_corner,
          infiniplex_forest_lined_4_way, infiniplex_forest_straight_2,
          infiniplex_forest_lined_2, infiniplex_forest_straight_2,
          infiniplex_forest_diagonal, infiniplex_forest_clump_diagonal,
          nicolae_kite_square_tiling_tiny

Action                     || total
---------------------------++-------
  Melee: Unarmed           ||    23
         Tailslap          ||     2
 Armour: Skin              ||    30
  Dodge: Dodged            ||    28

Table legend: (Time is in decaauts)
 A = Elapsed time spent in this place.
 B = Non-inter-level travel time spent in this place.
 C = Inter-level travel time spent in this place.
 D = Time resting spent in this place.
 E = Time spent auto-exploring this place.
 F = Levels seen in this place.
 G = Mean time per level.
                   A        B        C        D        E       F      G
               +--------+--------+--------+--------+--------+-----+--------+
         Total |     33 |     33 |      0 |      0 |      7 |   1 |   33.0 |
       Dungeon |     33 |     33 |      0 |      0 |      7 |   1 |   33.0 |
               +--------+--------+--------+--------+--------+-----+--------+

Top non-repeatable levels by time:
     D:1: 33 daAuts
